 Dungeon Crawl Stone Soup version 0.23-a0-335-gba3dfdf (webtiles) character file.

86 Dmuffinman the Poker (level 4, -3/34 HPs)
             Began as a Merfolk Skald on Oct 18, 2018.
             Slain by a river rat (4 damage)
             ... on level 3 of the Dungeon.
             The game lasted 00:22:31 (2247 turns).

Dmuffinman the Poker (Merfolk Skald)                Turns: 2247, Time: 00:22:31

Health: -3/34      AC:  4    Str: 11    XL:     4   Next: 49%
Magic:  7/7        EV: 12    Int: 13    God:
Gold:   109        SH:  0    Dex: 13    Spells: 6/7 levels left

rFire    + . .     SeeInvis .   a - +0 spear
rCold    + . .     Gourm    .   (no shield)
rNeg     . . .     Faith    .   b - +0 leather armour
rPois    .         Spirit   .   j - +0 helmet
rElec    .         Reflect  .   (no cloak)
rCorr    .         Harm     .   (no gloves)
MR       .....                  (no boots)
Stlth    +.........             (no amulet)
HPRegen  0.11/turn              f - ring of protection from fire
MPRegen  0.10/turn              h - ring of protection from cold

@: no status effects
A: change form in water, swift swim, stealthy swim
a: no special abilities


You were on level 3 of the Dungeon.
You were hungry.

You visited 1 branch of the dungeon, and saw 4 of its levels.

You collected 109 gold pieces.

Inventory:

Hand Weapons
 a - a +0 spear (weapon)
 k - a +0 spear
 q - a +0 long sword
Armour
 b - a +0 leather armour (worn)
 j - a +0 helmet (worn)
Jewellery
 f - a ring of protection from fire (left hand)
 h - a ring of protection from cold (right hand)
Scrolls
 i - a scroll of enchant armour {unknown}
 l - a scroll of teleportation {unknown}
 o - a scroll of remove curse
Potions
 e - 2 potions of brilliance
 m - a potion of mutation {unknown}
 n - a potion of cancellation {unknown}
 r - a potion of curing {unknown}
Comestibles
 d - 7 rations


   Skills:
 + Level 2.4 Fighting
 * Level 4.8 Polearms
 + Level 1.1 Armour
 + Level 3.0 Dodging
 + Level 0.2 Stealth
 + Level 2.1 Spellcasting
 + Level 4.0 Charms


You had 6 spell levels left.
You knew the following spells:

 Your Spells              Type           Power        Failure   Level  Hunger
a - Infusion              Chrm           ##..         6%          1    ##.....

Your spell library contained the following spells:

 Spells                   Type           Power        Failure   Level  Hunger
 Song of Slaying          Chrm           ##......     10%         2    ###....
 Shroud of Golubria       Chrm/Tloc      #.........   22%         2    ###....
 Regeneration             Chrm/Necr      #.........   41%         3    ####...
 Spectral Weapon          Hex/Chrm       #.......     41%         3    ####...


Dungeon Overview and Level Annotations

Branches:
Dungeon (4/15)
 Temple: D:4-7

Altars:

Portals:
Sewer: D:4


Message History

* * * LOW HITPOINT WARNING * * *
You hit the river rat but do no damage.
The river rat is severely wounded.
The river rat closely misses you. The river rat bites you.
* * * LOW HITPOINT WARNING * * *
The river rat bites you.
* * * LOW HITPOINT WARNING * * *
You climb upwards.
There is a stone staircase leading down here.
The river rat closely misses you. x2
The river rat bites you.
* * * LOW HITPOINT WARNING * * *
You closely miss the river rat.
The river rat is heavily wounded.
The river rat bites you but does no damage.
You hit the river rat.
The river rat is severely wounded.
The river rat bites you.
You die...

.....
#≈♣#♣≈♣♣≈#.#....<#
...# ♣≈♣≈♣#
≈#####..... #.###♣
♣≈≈≈♣ ♣# .#..####
####.<##≈
#♣≈♣≈♣####.#..#
........##≈♣♣≈♣#♣≈#...
#..# .#......# ♣†≈♣#
≈+.)###..#
#.###..###'## #...
....
..#.###..#....######.#
...[...........@r...>#
..#.###.........r..#.#
.....#.#####....#.#
####..... #....#.#
........ #.#..#.#
#####..###....#.. #.#
.....### .##.##.## .#
#


You could see 2 river rats.

Vanquished Creatures
  A river rat (D:4)
  2 oozes (D:2)
  A worm (D:2)
  2 dart slugs (D:1)
  2 leopard geckos (D:2)
  An orc (D:2)
  9 bats
  3 giant cockroaches
  6 goblins
  4 hobgoblins
  2 quokkas (D:2)
  2 ball pythons
  3 frilled lizards
  10 kobolds
  12 rats
60 creatures vanquished.

Notes
Turn   | Place    | Note
-------+----------+-------------------------------------------
     0 | D:1      | Dmuffinman the Merfolk Skald began the quest for the Orb.
     0 | D:1      | Reached XP level 1. HP: 16/16 MP: 3/3
    85 | D:1      | Reached XP level 2. HP: 22/22 MP: 0/5
   458 | D:1      | Reached XP level 3. HP: 27/28 MP: 1/6
  1406 | D:2      | Reached XP level 4. HP: 34/34 MP: 7/7
  1893 | D:4      | Noticed a phantom
  1895 | D:4      | Found a glowing drain.
  1902 | D:4      | Reached skill level 1 in Armour
  1925 | D:4      | HP: 1/34 [river rat (2)]
  1935 | D:3      | HP: 1/34 [giant cockroach (1)]
  2243 | D:3      | HP: 1/34 [river rat (6)]
  2247 | D:3      | Slain by a river rat

Vault maps used:
D:1:      dpeg_arrival_castle
D:2:      first_ration, kennysheep_another_room, grunt_decor_cap,
          minmay_tetromino_s2
D:3:      saegor_snake_ambush
D:4:      zin_angel, gammafunk_ghost_split, portal_sewer_entry_c

Skill      XL: |  1  2  3  4 |
---------------+-------------+-----
Dodging        | 3 |  3.0
Charms         | 4 |  4.0
Polearms       | 4 |  4.8
Armour         | 1 |  1.1
Fighting       | |  2.4
Stealth        | |  0.2
Spellcasting   | |  2.1

Action                   |  1- 3 |  4- 6 || total
-------------------------+-------+-------++-------
Melee: Spear             |   144 |    56 ||   200
       Tailslap          |     3 |       ||     3
 Cast: Infusion          |    12 |     4 ||    16
  Use: Scroll            |     1 |     4 ||     5
       Potion            |       |     1 ||     1
 Stab: Sleeping          |     1 |     1 ||     2
  Eat: Chunk             |     1 |     3 ||     4
Armor: Leather armour    |    16 |    19 ||    35
Dodge: Dodged            |    62 |    59 ||   121

Table legend:
 A = Non-vault XP
 B = Vault XP
 C = Vault XP percentage of total XP
 D = Non-vault monster count
 E = Vault monster count
 F = Vault count percentage of total count
                 A         B        C        D         E       F
            +---------+---------+-------+---------+---------+-------
      Total |     100 |      23 |  18.7 |      53 |       7 |  11.7
            +---------+---------+-------+---------+---------+-------
        D:1 |      54 |       0 |   0.0 |      33 |       0 |   0.0
        D:2 |      45 |       4 |   8.2 |      19 |       2 |   9.5
        D:3 |       1 |       5 |  83.3 |       1 |       3 |  75.0
        D:4 |       0 |      14 | 100.0 |       0 |       2 | 100.0
            +---------+---------+-------+---------+---------+-------
